 Dungeon Crawl Stone Soup version 0.30.0-11-gf55b779eaf (webtiles) character file.

Game seed: 1880301003964051758

180507 qdestroyer the Peltast (level 17, -21/174 HPs)
             Began as a Minotaur Fighter on May 16, 2023.
             Was the Champion of Okawaru.
             Demolished by a snapping turtle (48 damage)
             ... on level 2 of the Shoals.
             The game lasted 00:49:48 (26058 turns).

qdestroyer the Peltast (Minotaur Fighter)          Turns: 26058, Time: 00:49:48

Health: -21/174    AC: 44    Str: 43    XL:     17   Next: 31%
Magic:  24/24      EV:  2    Int:  4    God:    Okawaru [******]
Gold:   2989       SH:  0    Dex: 18    Spells: 16/16 levels left

rFire   . . .        Q - +4 war axe "Beastslayer" {venom, Dex+5}
rCold   x . .        o - +8 tower shield "Koeth" {rElec rC- Str+8 Dex-2}
rNeg    + . .        g - +7 crystal plate armour of the Usurping Gods {+Blink rElec Str+8}
rPois   .            m - +0 hat
rElec   +            k - +2 cloak
rCorr   .            z - +1 pair of gloves
SInv    .            V - +2 pair of boots {rampage}
Will    +....        F - amulet of faith Stlth
                     B - ring of Symmetry {rN+ AC+4}
HPRegen 0.49/turn    (no ring)
MPRegen 0.19/turn

%: rampage, faith
@: sleeping, hasted
A: horns 2, retaliatory headbutt, agile 1, robust 1
}: 1/15 runes: gossamer
a: Renounce Religion, Evoke Blink, Heroism, Finesse, Duel


You were on level 2 of the Shoals.
You worshipped Okawaru.
Okawaru was exalted by your worship.
You visited 4 branches of the dungeon, and saw 26 of its levels.
You visited 1 bazaar.
You also visited: Sewer, Ossuary and Bailey.

You collected 3106 gold pieces.
You spent 117 gold pieces at shops.

Inventory:

Hand Weapons
 e - a +2 spectral demon trident
 A - a +1 whip of flaming
 Q - the +4 war axe "Beastslayer" (weapon) {venom, Dex+5}
   (You found it on level 11 of the Dungeon)

   Dex:       It affects your dexterity (+5).
Missiles
 c - a throwing net (quivered)
Armour
 g - the +7 crystal plate armour of the Usurping Gods (worn) {+Blink rElec Str+8}
   (You acquired it on level 3 of the Dungeon)

   Str:       It affects your strength (+8).
   rElec:     It insulates you from electricity.
   +Blink:    It lets you blink.
 k - a +2 cloak (worn)
 m - a +0 hat (worn)
 o - the +8 tower shield "Koeth" (worn) {rElec rC- Str+8 Dex-2}
   (Okawaru gifted it to you on level 1 of the Lair of Beasts)

   Str:       It affects your strength (+8).
   Dex:       It affects your dexterity (-2).
   rC:        It makes you vulnerable to cold.
   rElec:     It insulates you from electricity.
 z - a +1 pair of gloves (worn)
 S - a +2 kite shield of protection
 V - a +2 pair of boots of rampaging (worn)
Jewellery
 a - a ring of willpower
 h - a ring of protection from fire
 y - an amulet of regeneration
 B - the ring of Symmetry (left hand) {rN+ AC+4}
   (You found it on level 5 of the Dungeon)

   [ring of protection]

   AC:        It affects your AC (+4).
   rN:        It protects you from negative energy.
 C - a ring of see invisible
 F - an amulet of faith (around neck)
 I - a ring of resist corrosion
 R - a ring of positive energy
 U - an amulet of guardian spirit
Wands
 O - a wand of digging (10)
Scrolls
 q - 6 scrolls of enchant weapon
 r - 4 scrolls of poison
 t - 2 scrolls of torment
 u - 6 scrolls of teleportation
 v - 7 scrolls of enchant armour
 w - 6 scrolls of immolation
 D - 7 scrolls of amnesia
 H - 3 scrolls of magic mapping
 J - 3 scrolls of summoning
 K - 4 scrolls of fog
 L - 4 scrolls of fear
 P - 3 scrolls of silence
Potions
 b - 6 potions of flight
 d - 6 potions of might
 f - 16 potions of curing
 i - 6 potions of ambrosia
 j - 8 potions of heal wounds
 l - 3 potions of lignification
 n - 3 potions of haste
 p - 11 potions of mutation
 s - 3 potions of resistance
 x - 5 potions of magic
 E - 3 potions of attraction
 G - a potion of berserk rage
 M - 2 potions of invisibility
 N - 6 potions of brilliance


   Skills:
 + Level 16.3 Fighting
 + Level 19.6(19.7) Axes
 + Level 3.5(13.3) Maces & Flails
 + Level 14.9 Armour
 + Level 20.5 Shields
 * Level 10.7 Invocations
 * Level 9.8 Evocations


You had 16 spell levels left.
You didn't know any spells.
Your spell library contained the following spells:

 Spells                   Type           Power      Damage    Failure   Level
 Freeze                   Ice            0%         1d3       99%         1
 Scorch                   Fire           0%         2d5       100%        2
 Sublimation of Blood     Necr           0%         N/A       100%        2
 Frozen Ramparts          Ice            0%         1d1       100%        3
 Hailstorm                Conj/Ice       0%         3d3       100%        3
 Ozocubu's Armour         Ice            0%         N/A       100%        3
 Portal Projectile        Hex/Tloc       0%         N/A       100%        3
 Anguish                  Hex/Necr       0%         N/A       100%        4
 Cause Fear               Hex            0%         N/A       100%        4
 Flame Wave               Conj/Fire      0%         2d4       100%        4
 Ice Form                 Ice/Tmut       0%         N/A       100%        4
 Leda's Liquefaction      Hex/Erth       0%         N/A       100%        4
 Petrify                  Tmut/Erth      0%         N/A       100%        4
 Blade Hands              Tmut           0%         N/A       100%        5
 Fireball                 Conj/Fire      0%         3d3       100%        5
 Irradiate                Conj/Tmut      0%         3d11      100%        5
 Iskenderun's Battlesphe  Conj           0%         2d6       100%        5
 Lee's Rapid Deconstruct  Erth           0%         3d4*      100%        5
 Metabolic Englaciation   Hex/Ice        0%         N/A       100%        5
 Conjure Ball Lightning   Conj/Air       0%         3x3d6     100%        6
 Statue Form              Tmut/Erth      0%         N/A       100%        6
 Dragon Form              Tmut           0%         N/A       100%        7
 Enfeeble                 Hex            0%         N/A       100%        7
 Orb of Destruction       Conj           0%         9d5       100%        7
 Tukima's Dance           Hex            Unusable   N/A       N/A         3
 Simulacrum               Ice/Necr       Unusable   N/A       N/A         6
 Summon Cactus Giant      Summ           Unusable   N/A       N/A         6
 Dragon's Call            Summ           Unusable   N/A       N/A         9

Dungeon Overview and Level Annotations

Branches:
Dungeon (15/15)            Temple (0/1) D:4            Lair (5/5) D:11
 Shoals (2/4) Lair:3       Spider (4/4) Lair:2        Slime (0/5) Lair:4
    Orc (0/2) D:12         Vaults (0/5) D:13         Depths (0/4) D:15
  Sewer (visited)         Ossuary (visited)          Bailey (visited)

Altars:
Cheibriados
Dithmenos
Okawaru
Qazlal
Uskayaw
Xom
Yredelemnul

Shops:
D:8 :   D:10 *   Shoals:2 =

Annotations:
Shoals:2 Ilsuiw


Innate Abilities, Weirdness & Mutations

You have a pair of horns on your head.
You reflexively headbutt those who attack you in melee.
You are agile. (Dex +4, Str/Int -1)
You are robust. (+10% HP)


Message History

You feel extremely sick.
The snapping turtle hisses angrily.
The dream sheep bleats! x4
You hear an angry hiss.
The merfolk javelineer throws a silver javelin.
The silver javelin pierces through you but does no damage.
The silver sears you!
* * * LOW HITPOINT WARNING * * *
You feel better.
The cyclops throws a large rock.
The large rock hits you.
* * * LOW HITPOINT WARNING * * *
The cyclops throws a large rock.
The large rock hits you but does no damage.
The dream sheep are wreathed in dream dust.
You feel drowsy...
You fall asleep.
The merfolk javelineer throws a silver javelin.
The silver javelin pierces through you!
You wake up.
* * * LOW HITPOINT WARNING * * *
The silver sears you!
* * * LOW HITPOINT WARNING * * *
The merfolk javelineer throws a javelin.
The javelin pierces through you but does no damage.
The manticore flicks its tail.
You block the volley of spikes.
A sea snake comes into view.
The sea snake hisses angrily.
You block the snapping turtle's attack.
The cyclops throws a large rock.
You block the large rock.
You feel yourself speed up. You block the snapping turtle's attack.
You block the dream sheep's attack.
Ilsuiw casts a spell.
Ilsuiw flickers and vanishes!
Deactivating autopickup; reactivate with Ctrl-A.
The dream sheep barely misses you.
Found 18 gold pieces.
The dream sheep are wreathed in dream dust.
You feel drowsy...
You fall asleep.
The sea snake barely misses you.
The sea snake bites you but does no damage.
The dream sheep bites you but does no damage.
The snapping turtle bites you from afar!!!
You die...

~~.....?....~~~~....~~.~~,,**,,,,
~..#.......~~~~.C.......~,,**,,,,
~.###.......~~E...~.....,,,***,,,
.###.......t{CH.E.~.....,,,,,,,,~
,,,.....~...~m.m.....~~~~,,,~~,,~
,,,,,*,~..~~~.m.Y....~~~~,,,~~~,,
~~,,,,,~...~~.~YtY..~~~~~~~~,,~~~
~~,,~~~~....~~~~YSY..~~.~~~,,,,~~
~~,,~~~~....~~~~@.~.....,~,,,,,~~
~~,,~~~~..~~~~~~...~....,,,,,,,,~
~,,~~~~~~~~≈≈~~~....###.,,,,,,,~~
~~,~~~~~~~≈≈≈≈~~...## ****,***,,,
~~~~~~~~~...≈~~~....*****,,***,,,
~~~~~~~~~............,,,*,,,*,,,,
~~~~~~~~~.............,,,,,,,,,,,
~~,***,,,###$.~~~~~....~,,,,,,,,,
~~,* *,,****,,~~~~~~~~~~,,,,,,,,,


You could see a merfolk impaler, 2 merfolk javelineers, a sea snake, 2 snapping
turtles, a manticore, 2 cyclopes, 2 water elementals and 5 dream sheep.

Vanquished Creatures
  Arachne (Spider:3)
  Asterion (Spider:2)
  Frances (Spider:1)
  A tengu reaver (D:12)
  Agnes (Spider:1)
  Roxanne (Spider:2)
  5 ghost moths
  5 emperor scorpions
  A caustic shrike skeleton (D:15)
  Azrael (Spider:3)
  4 spark wasps
  A merfolk javelineer (Shoals:1)
  Josephine (D:11)
  4 entropy weavers
  A fire dragon (D:14)
  7 hydras
  A jorogumo (Spider:4)
  6 centaur warriors
  3 catoblepae
  A merfolk avatar (Lair:5)
  4 boulder beetles
  4 radroaches
  3 tengu warriors
  2 dancing weapons (D:13)
  A merfolk aquamancer (Shoals:1)
  6 death yaks
  Urug (D:11)
  5 two-headed ogres
  A satyr (Shoals:2)
  4 skysharks
  3 pharaoh ants
  2 flayed ghosts
  2 skeletal warriors (D:15)
  6 orb spiders
  2 lindwurms (Lair:4)
  A golden dragon skeleton (D:15)
  5 sea snakes
  4 orc knights
  The ghost of domi the Cleaver, a novice HOMo of Beogh (D:8)
  Pikel (D:6)
  A necromancer (D:15)
  12 ugly things
  12 harpies
  8 steelbarb worms
  10 wolf spiders
  4 fauns
  Maurice (D:8)
  8 manticores
  A salamander (shapeshifter) (D:12)
  2 moths of wrath (Spider:3)
  3 cyclopes
  8 demonic crawlers
  14 elephants
  4 black mambas
  3 merfolk sirens
  A water nymph (Lair:3)
  2 gargoyles (D:12)
  3 torpor snails
  16 cane toads
  Psyche (D:11)
  2 kobold demonologists (D:11)
  13 komodo dragons
  2 yaktaurs (D:12)
  3 tengu conjurers
  4 rime drakes
  An efreet (D:15)
  A wind drake (shapeshifter) (D:12)
  4 merfolk (Shoals:1)
  5 trolls
  A polar bear (Lair:5)
  9 hornets
  16 tarantellas
  14 blink frogs
  2 wind drakes
  A hornet (shapeshifter) (Spider:4)
  4 snapping turtles
  3 dream sheep (Shoals:2)
  30 jumping spiders
  11 slime creatures
  10 wraiths
  4 shadows
  4 wyverns
  2 vampires
  19 culicivoras
  Sigmund (D:4)
  A fire bat (D:11)
  3 basilisks
  4 water elementals (Shoals:1)
  38 yaks
  4 fire elementals (Spider:3)
  2 steam dragons
  39 redbacks
  6 vampire mosquitoes
  An acid dragon (D:9)
  An acid dragon (shapeshifter) (D:13)
  A glowing shapeshifter skeleton (D:15)
  A hell hound (Spider:3)
  17 water moccasins
  4 black bears
  20 orc warriors
  3 ice beasts
  An ogre (D:5)
  32 wolves
  10 centaurs
  A lemure (D:6)
  A kobold brigand (D:11)
  10 bullfrogs
  A water moccasin zombie (Ossuary)
  3 scorpions
  5 wights (D:9)
  7 killer bees (D:7)
  A tengu skeleton (D:15)
  8 howler monkeys
  14 electric eels
  A vampire bat (D:7)
  2 hounds (D:4)
  A hound (shapeshifter) (D:13)
  8 orc priests
  A jelly (Lair:4)
  3 iguanas
  2 sleepcaps
  3 orc wizards
  6 hell rats (Lair:5)
  2 mummies (Ossuary)
  21 adders
  3 gnolls (D:3)
  3 river rats (Sewer)
  3 white imps
  2 adder zombies (Ossuary)
  7 worms
  4 dart slugs
  52 orcs
  19 ball pythons
  10 endoplasms
  4 giant cockroaches
  7 goblins
  12 hobgoblins
  11 jackals
  11 kobolds
  7 quokkas
  30 bats
  3 frilled lizards
  4 gnoll zombies (Ossuary)
  8 hobgoblin zombies (Ossuary)
  6 kobold zombies (Ossuary)
  5 orc zombies (Ossuary)
  2 rats
  2 spectral weapons (Spider:2)
889 creatures vanquished.

Vanquished Creatures (others)
  An orc (D:8)
1 creature vanquished.

Grand Total: 890 creatures vanquished

Notes
Turn   | Place    | Note
-------+----------+-------------------------------------------
     0 | D:1      | qdestroyer the Minotaur Fighter began the quest for the
                  | Orb.
     0 | D:1      | Reached XP level 1. HP: 19/19 MP: 0/0
   374 | D:1      | Reached XP level 2. HP: 27/27 MP: 1/1
   451 | D:1      | Reached skill level 4 in Shields
  1206 | D:2      | Reached XP level 3. HP: 33/33 MP: 2/2
  1300 | D:2      | Found an iron altar of Okawaru.
  1309 | D:2      | Became a worshipper of Warmaster Okawaru
  1388 | D:2      | Reached XP level 4. HP: 40/40 MP: 3/3
  1795 | D:3      | Identified a scroll of acquirement
  1795 | D:3      | Acquired the +7 crystal plate armour of the Usurping Gods
                  | {+Blink rElec Str+8}
  1874 | D:3      | Found a glowing drain.
  1887 | Sewer    | Entered a sewer
  1927 | Sewer    | Reached XP level 5. HP: 45/47 MP: 4/4
  2070 | Sewer    | Reached skill level 5 in Axes
  2234 | Sewer    | Reached * piety under Okawaru
  2499 | D:3      | Reached XP level 6. HP: 55/55 MP: 5/5
  2543 | D:3      | Noticed a +0 hand axe
  2543 | D:3      | Noticed a +0 hand axe
  2544 | D:3      | Found a hide-covered altar of Uskayaw.
  2611 | D:3      | Found a stormy altar of Qazlal.
  2865 | D:4      | Identified the +1 glaive of Juwn {flame, rF+ Str+5 Dex+3}
  2978 | D:4      | Found a staircase to the Ecumenical Temple.
  2984 | D:4      | Noticed Sigmund
  2988 | D:4      | Killed Sigmund
  2988 | D:4      | Reached ** piety under Okawaru
  2989 | D:4      | Reached skill level 5 in Fighting
  2989 | D:4      | Reached skill level 5 in Armour
  3027 | D:4      | Reached XP level 7. HP: 61/61 MP: 6/6
  3515 | D:5      | Entered Level 5 of the Dungeon
  3600 | D:5      | Reached skill level 5 in Shields
  3831 | D:5      | Reached XP level 8. HP: 70/70 MP: 7/7
  4147 | D:5      | Noticed a komodo dragon
  4154 | D:5      | Killed a komodo dragon
  4155 | D:5      | Reached *** piety under Okawaru
  4304 | D:5      | Identified the ring of Symmetry {rN+ AC+4}
  4741 | D:6      | Noticed Pikel
  4750 | D:6      | Killed Pikel
  4751 | D:6      | Reached skill level 10 in Axes
  4776 | D:6      | Reached **** piety under Okawaru
  4790 | D:6      | Reached XP level 9. HP: 78/78 MP: 8/8
  5529 | D:7      | Reached ***** piety under Okawaru
  5781 | D:8      | Found Nuchai's Vocational Training.
  5797 | D:8      | Found a flagged portal.
  5798 | D:8      | Noticed a two-headed ogre
  5805 | D:8      | Killed a two-headed ogre
  5805 | D:8      | Identified the +1 buckler of the Lumpy Seers {rElec rC+
                  | Int+3 Dex-5} (Okawaru gifted it to you on level 8 of the
                  | Dungeon)
  5805 | D:8      | Received a gift from Okawaru
  5806 | D:8      | Reached skill level 6 in Shields
  5810 | D:8      | Reached XP level 10. HP: 83/88 MP: 9/9
  5815 | Bailey   | Entered a bailey
  5993 | Bailey   | Identified the +5 triple sword of Betidyos {drain, Str-2
                  | Int+6}
  5994 | Bailey   | Noticed an orc knight
  5994 | Bailey   | Noticed an orc knight
  6001 | Bailey   | Killed an orc knight
  6003 | Bailey   | Killed an orc knight
  6047 | D:8      | Found a sand-covered staircase.
  6054 | Ossuary  | Entered an ossuary
  6319 | Ossuary  | Reached skill level 10 in Fighting
  6319 | Ossuary  | Reached skill level 15 in Axes
  6319 | Ossuary  | Reached skill level 10 in Armour
  6319 | Ossuary  | Reached skill level 10 in Shields
  6319 | Ossuary  | Reached XP level 11. HP: 101/101 MP: 10/10
  6412 | D:8      | Found a runed translucent door.
  6413 | D:8      | Noticed a red ugly thing
  6413 | D:8      | Noticed domi's ghost (novice HOMo)
  6423 | D:8      | Killed a red ugly thing
  6429 | D:8      | Killed domi's ghost
  6539 | D:8      | Noticed Maurice
  6544 | D:8      | Killed Maurice
  7016 | D:9      | Noticed a two-headed ogre
  7021 | D:9      | Killed a two-headed ogre
  7365 | D:9      | Reached ****** piety under Okawaru
  7794 | D:10     | Entered Level 10 of the Dungeon
  7800 | D:10     | Found Entu's Demolitions Depot.
  7853 | D:10     | Acquired 950 gold pieces
  7908 | D:10     | Received a gift from Okawaru
  7909 | D:10     | Reached XP level 12. HP: 97/108 MP: 11/11
  8072 | D:10     | Noticed a two-headed ogre
  8076 | D:10     | Killed a two-headed ogre
  8077 | D:10     | Reached skill level 1 in Invocations
  8077 | D:10     | Reached skill level 1 in Evocations
  8819 | D:11     | Noticed Josephine
  8830 | D:11     | Killed Josephine
  8831 | D:11     | Reached skill level 11 in Shields
  8966 | D:11     | Found a runed translucent door.
  9008 | D:11     | Identified the +0 tower shield of Boanumpy {Contam rCorr
                  | Int+3} (Okawaru gifted it to you on level 11 of the
                  | Dungeon)
  9008 | D:11     | Received a gift from Okawaru
  9015 | D:11     | Identified the amulet of the Hippo {Spirit *Slow rF+ rC+
                  | Int+3}
  9017 | D:11     | Identified the +4 war axe "Beastslayer" {venom, Dex+5}
  9029 | D:11     | Found a hide-covered altar of Uskayaw.
  9072 | D:11     | Found an iron altar of Okawaru.
  9102 | D:11     | Found a shadowy altar of Dithmenos.
  9125 | D:11     | Found a basalt altar of Yredelemnul.
  9224 | D:11     | Found a shimmering altar of Xom.
  9234 | D:11     | Found a snail-covered altar of Cheibriados.
  9275 | D:11     | Noticed a two-headed ogre
  9281 | D:11     | Killed a two-headed ogre
  9410 | D:11     | Found a staircase to the Lair.
  9504 | D:11     | Noticed Psyche
  9510 | D:11     | Killed Psyche
  9600 | D:11     | Noticed Urug
  9620 | D:11     | Killed Urug
 10249 | D:12     | Found a staircase to the Orcish Mines.
 10345 | D:12     | Noticed a two-headed ogre
 10352 | D:12     | Killed a two-headed ogre
 10371 | D:12     | Noticed a catoblepas
 10372 | D:12     | Reached skill level 12 in Shields
 10386 | D:12     | Killed a catoblepas
 10394 | D:12     | Reached XP level 13. HP: 111/118 MP: 15/15
 10459 | D:12     | Received a gift from Okawaru
 10916 | D:12     | Noticed a tengu reaver
 10969 | D:12     | Killed a tengu reaver
 10970 | D:12     | Reached skill level 5 in Invocations
 11522 | D:13     | Reached skill level 13 in Shields
 11620 | D:13     | Reached skill level 5 in Evocations
 11631 | D:13     | Received a gift from Okawaru
 11657 | D:13     | Found a shimmering altar of Xom.
 11798 | D:13     | Found a gate to the Vaults.
 12112 | D:14     | Found a flickering gateway to a bazaar.
 12139 | Bazaar   | Entered a bazaar
 12139 | Bazaar   | Found Fiwnoly's Book Boutique.
 12140 | Bazaar   | Found Muob's Distillery.
 12155 | Bazaar   | Bought a potion of might for 52 gold pieces
 12155 | Bazaar   | Bought a potion of heal wounds for 65 gold pieces
 12166 | Bazaar   | Found Ixomei's Jewellery Boutique.
 12171 | Bazaar   | Found Unlemp's Jewellery Emporium.
 12182 | Bazaar   | Found Sulium's Weapon Shop.
 12296 | D:14     | Noticed a fire dragon
 12309 | D:14     | Killed a fire dragon
 12859 | D:15     | Entered Level 15 of the Dungeon
 12878 | D:15     | Reached skill level 14 in Shields
 13074 | D:15     | Received a gift from Okawaru
 13177 | D:15     | Identified the +7 shortbow "Feukymn" {flame, rN+ Str-5
                  | Int+5} (Okawaru gifted it to you on level 15 of the
                  | Dungeon)
 13177 | D:15     | Received a gift from Okawaru
 13178 | D:15     | Reached XP level 14. HP: 115/129 MP: 17/17
 13760 | D:15     | Found a staircase to the Depths.
 13949 | D:15     | Reached skill level 15 in Shields
 13959 | D:15     | Reached skill level 1 in Maces & Flails
 14465 | Lair:1   | Entered Level 1 of the Lair of Beasts
 14638 | Lair:1   | Identified the +8 tower shield "Koeth" {rElec rC- Str+8
                  | Dex-2} (Okawaru gifted it to you on level 1 of the Lair of
                  | Beasts)
 14638 | Lair:1   | Received a gift from Okawaru
 15356 | Lair:2   | Found a hole to the Spider Nest.
 15629 | Lair:2   | Reached skill level 16 in Shields
 15878 | Lair:2   | Identified the staff of death "Poetut" {*Slow rF+ rN+ Int+7
                  | Dex+3}
 16823 | Lair:4   | Received a gift from Okawaru
 17010 | Lair:4   | Reached XP level 15. HP: 139/139 MP: 19/19
 17044 | Lair:4   | Reached skill level 17 in Shields
 17053 | Lair:4   | Received a gift from Okawaru
 17256 | Lair:4   | Found a runed translucent door.
 17263 | Lair:4   | Found a staircase to the Slime Pits.
 18161 | Lair:5   | Entered Level 5 of the Lair of Beasts
 18239 | Lair:5   | Identified the +4 chain mail "Ohodghu" {rElec rPois Str+4
                  | Dex-5} (Okawaru gifted it to you on level 5 of the Lair of
                  | Beasts)
 18239 | Lair:5   | Received a gift from Okawaru
 18324 | Lair:5   | Identified the +1 scale mail of Compassion {rF++ Will-
                  | Stlth+}
 18439 | Lair:5   | Reached skill level 18 in Shields
 18925 | Lair:5   | Identified the +0 pair of boots "Ygial" {Stlth+}
 18936 | Lair:5   | Identified the +4 trident "Arad" {pain, rF+}
 19495 | Spider:1 | Entered Level 1 of the Spider Nest
 19513 | Spider:1 | Reached skill level 15 in Fighting
 19643 | Spider:1 | Identified the +0 trident "Luip" {drain, MP+9} (Okawaru
                  | gifted it to you on level 1 of the Spider Nest)
 19643 | Spider:1 | Received a gift from Okawaru
 20328 | Spider:1 | Noticed Frances
 20337 | Spider:1 | Killed Frances
 20340 | Spider:1 | Received a gift from Okawaru
 20547 | Spider:1 | Noticed Agnes
 20553 | Spider:1 | Killed Agnes
 20554 | Spider:1 | Reached XP level 16. HP: 135/149 MP: 21/21
 20958 | Spider:2 | Noticed Roxanne
 21114 | Spider:2 | Killed Roxanne
 21114 | Spider:2 | Received a gift from Okawaru
 21349 | Spider:2 | Noticed Asterion
 21373 | Spider:2 | Killed Asterion
 21374 | Spider:2 | Reached skill level 19 in Shields
 21427 | Spider:2 | Identified the +7 plate armour "Hiojat" {Str+5} (Okawaru
                  | gifted it to you on level 2 of the Spider Nest)
 21427 | Spider:2 | Received a gift from Okawaru
 21961 | Spider:3 | Gained mutation: You are clumsy. (Dex -2) [mutagenic glow]
 22036 | Spider:3 | Lost mutation: You are clumsy. (Dex -2) [potion of
                  | mutation]
 22036 | Spider:3 | Gained mutation: You have very sharp teeth. [potion of
                  | mutation]
 22036 | Spider:3 | Gained mutation: You are clumsy. (Dex -2) [potion of
                  | mutation]
 22036 | Spider:3 | Gained mutation: Your magical capacity is low. (-10% MP)
                  | [potion of mutation]
 22037 | Spider:3 | Lost mutation: You are clumsy. (Dex -2) [potion of
                  | mutation]
 22037 | Spider:3 | Lost mutation: You have very sharp teeth. [potion of
                  | mutation]
 22037 | Spider:3 | Lost mutation: Your magical capacity is low. (-10% MP)
                  | [potion of mutation]
 22037 | Spider:3 | Gained mutation: Your system is resistant to poisons.
                  | (rPois) [potion of mutation]
 22603 | Spider:3 | Noticed Arachne
 22633 | Spider:3 | Killed Arachne
 22989 | Spider:3 | Noticed Azrael
 23005 | Spider:3 | Killed Azrael
 23458 | Spider:4 | Entered Level 4 of the Spider Nest
 23492 | Spider:4 | Reached skill level 10 in Invocations
 23518 | Spider:4 | Gained mutation: Armour fits poorly on your strangely
                  | shaped body. [mutagenic glow]
 23782 | Spider:4 | Identified the +8 war axe of Egomania {freeze, Int+2 Dex+4}
                  | (Okawaru gifted it to you on level 4 of the Spider Nest)
 23782 | Spider:4 | Received a gift from Okawaru
 23806 | Spider:4 | Lost mutation: Armour fits poorly on your strangely shaped
                  | body. [potion of mutation]
 23806 | Spider:4 | Lost mutation: Your system is resistant to poisons. (rPois)
                  | [potion of mutation]
 23806 | Spider:4 | Gained mutation: You are agile. (Dex +4, Str/Int -1)
                  | [potion of mutation]
 23806 | Spider:4 | Gained mutation: You are robust. (+10% HP) [potion of
                  | mutation]
 24467 | Spider:4 | Reached skill level 20 in Shields
 24685 | Spider:4 | Reached XP level 17. HP: 128/173 MP: 12/23
 25019 | Spider:4 | Got a gossamer rune of Zot
 25234 | Shoals:1 | Entered Level 1 of the Shoals
 25300 | Shoals:1 | Identified the +7 plate armour of Thoughtfulness {Harm
                  | Rampage *Corrode Stlth+} (Okawaru gifted it to you on level
                  | 1 of the Shoals)
 25300 | Shoals:1 | Received a gift from Okawaru
 25676 | Shoals:1 | Identified the +8 halberd of Yhifir {flame, *Slow rPois
                  | Will- Str+8}
 26016 | Shoals:2 | Found Byam's Jewellery Boutique.
 26029 | Shoals:2 | Noticed Ilsuiw
 26058 | Shoals:2 | Demolished by a snapping turtle

Illustrated notes

Levels and vault maps discovered:
D:1:      scummos_arrival_hexagon, layout_basic
D:2:      layout_loops_cross, basic_altar, hangedman_decor_points
D:3:      layout_rooms, grunt_qazlal_sundering, dancing_weapons_uskayaw,
          cheibrodos_sewer_entry_sluice
D:4:      layout_loops_cross, minmay_temple_entry_arrows, uniq_sigmund
D:5:      layout_loops_corners, minmay_small_thing
D:6:      layout_loops_ring, uniq_pikel
D:7:      layout_gridville, roderic_batcave, kennysheep_boxes
D:8:      layout_loops_corners, enter_bailey_6, ebering_ghost_inner_flame,
          enter_ossuary_1, nicolae_shop_vocational, uniq_maurice
D:9:      layout_basic
D:10:     layout_grid_maze, nicolae_blasting_shop
D:11:     due_megacathedral, layout_gridville, lair_entry_dummy, special_room
          [special_room_orc], uniq_psyche, uniq_urug, uniq_josephine
D:12:     layout_small_grid, david_orc_3, minmay_evil_grid
D:13:     nicolae_cairo_tiling_large_dashed, layout_cross, erik_vaults_1,
          drop_trap, minmay_ruined_shrine
D:14:     layout_long_grid, serial_shops, bzr_firewalk
D:15:     gammafunk_depths_entry_grave, layout_loops_ring, minivault_19
Lair:1:   layout_chaotic_city, grunt_megastairs_5
Lair:2:   layout_long_grid, spider_nest_entry_rubble
Lair:3:   layout_long_grid, nicolae_shoals_entry_flooding
Lair:4:   cheibrodos_lair_overgrown_chateau, layout_cave_pods, slime_entry_2,
          st_stairs_10, minivault_25, lemuel_fruit_fields
Lair:5:   gammafunk_lair_ancient_temple, layout_loops_ring, serial_bayou,
          serial_bayou_lake_a, serial_bayou_crossing, serial_bayou_lagoon_b,
          serial_bayou_pond_a, lemuel_fruit_tree
Shoals:1: layout_shoals, nicolae_shoals_square_sea_wall
Shoals:2: layout_shoals, serial_shops, shop,
          portal_ice_cave_entry_ice_statue_one, uniq_ilsuiw
Spider:1: layout_spider_delve, uniq_frances, uniq_agnes
Spider:2: layout_spider_delve, uniq_roxanne, uniq_asterion
Spider:3: layout_chambers, einodemon_crawler_minivault, uniq_arachne,
          uniq_azrael
Spider:4: spider_rune_water, hellmonk_deceptive_appearances

Skill      XL: |  1  2  3  4  5  6  7  8  9 10 11 12 13 14 15 16 |
---------------+-------------------------------------------------+-----
Armour         | 4 5 6 7 10 12 13 14 | 14.9
Shields        | 4 5 6 10 12 14 16 18 20 | 20.5
Fighting       | 4 5 6 8 10 12 13 14 15 16 | 16.3
Axes           | 3 4 5 6 8 11 13 15 16 17 18 19 | 19.6
Invocations    | 4 6 7 9 10 | 10.7
Evocations     | 3 5 7 8 9 |  9.8
Maces & Flails | 2 3 |  3.5

Action                     |  1- 3 |  4- 6 |  7- 9 | 10-12 | 13-15 | 16-18 || total
---------------------------+-------+-------+-------+-------+-------+-------++-------
  Melee: War axe           |    90 |   158 |   174 |   404 |  1012 |   633 ||  2471
         Headbutt          |     9 |    17 |    28 |    87 |   270 |   194 ||   605
         Whip              |       |       |       |       |    93 |       ||    93
Ability: Evoke Blink       |       |       |       |       |       |     1 ||     1
    Use: Scroll            |       |    17 |     3 |     6 |     5 |     4 ||    35
         Potion            |       |       |       |     3 |       |     9 ||    12
   Stab: Petrified         |       |       |       |       |     2 |       ||     2
 Armour: Scale mail        |    52 |    11 |       |       |       |       ||    63
         Crystal plate arm |       |   104 |   172 |   230 |   552 |   375 ||  1433
  Dodge: Dodged            |    29 |    62 |    44 |    81 |   128 |    85 ||   429
  Block: Buckler           |    30 |    33 |    31 |    93 |     8 |       ||   195
         Kite shield       |       |       |       |       |   242 |       ||   242
         Tower shield      |       |       |       |       |   714 |   814 ||  1528
